 Dungeon Crawl Stone Soup version 0.25-a0-478-g33c61bd (webtiles) character file.

Game seed: 17816858986912616992, levelgen mode: deterministic

39 15 the Ruffian (level 3, -3/28 HPs)
             Began as a Draconian Transmuter on Feb 9, 2020.
             Killed from afar by a bat (31 damage)
             ... with an exploding inner flame
             ... hexed by the player character
             ... on level 2 of the Dungeon.
             The game lasted 00:04:38 (919 turns).

15 the Ruffian (Draconian Transmuter)                Turns: 919, Time: 00:04:38

Health: -3/28      AC:  5    Str: 13    XL:     3   Next: 26%
Magic:  6/6        EV: 12    Int: 13    God:
Gold:   57         SH:  0    Dex: 11    Spells: 3/6 levels left

rFire    . . .     SeeInvis .     - Unarmed
rCold    . . .     Gourm    .   (no shield)
rNeg     . . .     Faith    .   (armour unavailable)
rPois    .         Spirit   .   (helmet restricted)
rElec    .         Reflect  .   (no cloak)
rCorr    .         Harm     .   (no gloves)
MR       .....                  (no boots)
Stlth    +.........             (no amulet)
HPRegen  0.09/turn              g - ring of flight
MPRegen  0.10/turn              (no ring)

@: no status effects
A: unfitting armour, cold-blooded, AC +5
a: Evoke Flight


You were on level 2 of the Dungeon.
You were not hungry.

You visited 1 branch of the dungeon, and saw 2 of its levels.

You collected 57 gold pieces.

Inventory:

Missiles
 a - 47 arrows
Jewellery
 g - a ring of flight (left hand)
Scrolls
 e - 4 scrolls of teleportation
 f - a scroll of enchant armour
Potions
 b - a potion of heal wounds {unknown}
 d - 2 potions of might {unknown}
 h - a potion of brilliance {unknown}
Comestibles
 c - 2 rations
 i - 5 chunks of flesh


   Skills:
 * Level 1.4 Fighting
 * Level 2.2 Dodging
 * Level 3.5 Unarmed Combat
 * Level 2.3 Spellcasting
 * Level 2.2 Transmutations


You had 3 spell levels left.
You knew the following spells:

 Your Spells              Type           Power        Failure   Level  Hunger
a - Beastly Appendage     Tmut           #.....       10%         1    #......
b - Sticks to Snakes      Tmut           #.......     16%         2    ###....

Your spell library contained the following spells:

 Spells                   Type           Power        Failure   Level  Hunger
 Spider Form              Tmut/Pois      #.........   43%         3    ###....
 Ice Form                 Ice/Tmut       #.......     83%         4    #####..
 Blade Hands              Tmut           #.........   95%         5    ######.


Dungeon Overview and Level Annotations

Branches:
Dungeon (2/15)

Altars:


Innate Abilities, Weirdness & Mutations

Your plain brown scales are hard. (AC +5)
You cannot fit into any form of body armour.
You are cold-blooded and may be slowed by cold attacks.


Message History

No target in view!
You see here a spear.
HP restored.
The bat is too close now for your liking.
You see here a scroll labeled ZAUD BUICAENOPS.
A bat is nearby!
A bat is nearby!
A bat is nearby!
A bat is nearby!
A bat is nearby!
A bat is nearby!
j - a scroll labeled ZAUD BUICAENOPS
As you read the scroll labeled ZAUD BUICAENOPS, it crumbles to dust.
The creatures around you are filled with an inner flame!
It was a scroll of immolation.
You hit the bat.
The bat explodes!
The fiery explosion engulfs you!!
Ouch! That really hurt!
You die...

....... #..## #..# .......
#.## #..# ....... #.# #..#
(......###.#####..# #
..................##.###..
###..<....................
÷##.#........####.##...#..
..#.###.#.[..# #..........
#.#..##)#..### #@§.....#.#
#........### #.§..#..# #
#####...## #§......# ##.##
#.......# #.# #.......#
..# ###.##..# #### .. ...
... ..


There were no monsters in sight!

Vanquished Creatures
  A dart slug (D:1)
  3 leopard geckos
  5 bats (D:1)
  7 goblins
  2 hobgoblins
  3 jackals (D:2)
  4 kobolds (D:1)
  A frilled lizard (D:2)
  4 rats
30 creatures vanquished.

Notes
Turn   | Place    | Note
-------+----------+-------------------------------------------
     0 | D:1      | 15 the Draconian Transmuter began the quest for the Orb.
     0 | D:1      | Reached XP level 1. HP: 16/16 MP: 3/3
   110 | D:1      | Reached XP level 2. HP: 13/23 MP: 1/5
   118 | D:1      | Learned a level 2 spell: Sticks to Snakes
   848 | D:2      | Reached XP level 3. HP: 28/28 MP: 4/6
   919 | D:2      | Killed from afar by a bat

Levels and vault maps discovered:
D:1:      minmay_arrival_four_houses, layout_rooms
D:2:      layout_rooms, lemuel_round_altar, first_ration,
          chequers_ecumenical_altar_twisty, fedhas_altar_fruit_tree,
          uniq_sigmund, uniq_jessica

Skill      XL: |  1  2 |
---------------+-------+-----
Dodging        | 2 |  2.2
Fighting       | |  1.4
Unarmed Combat | |  3.5
Spellcasting   | |  2.3
Transmutations | |  2.2

Action                   || total
-------------------------++-------
Melee: Unarmed           ||    97
       Tailslap          ||     7
       Kick              ||     4
       Headbutt          ||     1
       Punch             ||     1
 Cast: Beastly Appendage ||    13
  Use: Scroll            ||     3
Armor: Skin              ||    34
Dodge: Dodged            ||    82

Table legend:
 A = Non-vault XP
 B = Vault XP
 C = Vault XP percentage of total XP
 D = Non-vault monster count
 E = Vault monster count
 F = Vault count percentage of total count
                 A         B        C        D         E       F
            +---------+---------+-------+---------+---------+-------
      Total |      56 |       0 |   0.0 |      30 |       0 |   0.0
            +---------+---------+-------+---------+---------+-------
        D:1 |      39 |       0 |   0.0 |      21 |       0 |   0.0
        D:2 |      17 |       0 |   0.0 |       9 |       0 |   0.0
            +---------+---------+-------+---------+---------+-------
